 Dungeon Crawl Stone Soup version 0.28.0-43-g3370ac3207 (webtiles) character file.

Game seed: 11349141911840184738

46 bromine the Cudgeller (level 3, -3/36 HPs)
             Began as a Troll Berserker on Feb 28, 2022.
             Was a Believer of Trog.
             Shot with an arrow by a centaur (13 damage)
             ... on level 3 of the Dungeon.
             The game lasted 00:03:41 (1244 turns).

bromine the Cudgeller (Troll Berserker)             Turns: 1244, Time: 00:03:41

Health: -3/36      AC:  5    Str: 27    XL:     3   Next: 44%
Magic:  2/2        EV: 10    Int:  3    God:    Trog [**....]
Gold:   116        SH:  0    Dex:  9    Spells: 2/2 levels left

rFire   . . .      SeeInvis .   a - +0 mace
rCold   . . .      Faith    .   (no shield)
rNeg    . . .      Spirit   .   b - +1 animal skin
rPois   .          Reflect  .   (helmet restricted)
rElec   .          Harm     .   (no cloak)
rCorr   .          Rampage  .   (gloves unavailable)
Will    .....                   (boots unavailable)
Stlth   +.........              (no amulet)
HPRegen 0.92/turn               (no ring)
MPRegen 0.08/turn               (no ring)

@: on berserk cooldown, slowed, very slow
A: large, unfitting armour, claws 3, regeneration 1, shaggy fur 1, tough skin 1
a: Renounce Religion, Berserk, Trog's Hand


You were on level 3 of the Dungeon.
You worshipped Trog.
Trog was pleased with you.
You visited 1 branch of the dungeon, and saw 3 of its levels.

You collected 116 gold pieces.

Inventory:

Hand Weapons
 a - a +0 mace (weapon)
Armour
 b - a +1 animal skin (worn)
Potions
 c - a potion of magic {unknown}
 d - a potion of mutation {unknown}
 e - a potion of brilliance {unknown}


   Skills:
 + Level 2.7 Fighting
 + Level 3.4 Maces & Flails
 + Level 2.9 Dodging


You had 2 spell levels left.
You didn't know any spells.
Your spell library was empty.

Dungeon Overview and Level Annotations

Branches:
Dungeon (3/15)

Altars:

Shops:
D:1 (


Innate Abilities, Weirdness & Mutations

You are too large for most types of armour.
You have claws for hands.
Your natural rate of healing is unusually fast.
You are covered in fur. (AC +1)
You have tough skin. (AC +1)


Message History

Found a bone wand.
You feel a strong urge to attack something.
The centaur shoots an arrow.
The arrow hits you!
The centaur shoots an arrow.
The arrow hits you but does no damage.
You feel your anger nearly subside.
The centaur unwields a +0 shortbow.
The centaur hits you. The centaur kicks you.
You are no longer berserk.
You are exhausted.
You feel yourself slow down. The centaur hits you.
The centaur barely misses you.
You hit the centaur.
The centaur is lightly wounded.
The centaur closely misses you. The centaur kicks you.
The centaur closely misses you. x2
You barely miss the centaur.
The centaur is lightly wounded.
The centaur closely misses you. The centaur kicks you.
The centaur hits you but does no damage.
The centaur kicks you but does no damage.
The centaur completely misses you. The centaur misses you.
You hit the centaur but do no damage.
The centaur is lightly wounded.
The centaur hits you.
The centaur kicks you but does no damage.
The centaur hits you.
* * * LOW HITPOINT WARNING * * *
The centaur kicks you.
* * * LOW HITPOINT WARNING * * *
The centaur barely misses you. The centaur kicks you.
* * * LOW HITPOINT WARNING * * *
As you read the scroll of fear, it crumbles to dust.
You assume a fearsome visage.
The centaur looks frightened!
You start resting.
The centaur wields a +0 shortbow.
The centaur shoots an arrow.
The arrow hits you.
The centaur shoots an arrow.
The arrow hits you!
* * * LOW HITPOINT WARNING * * *
The centaur shoots an arrow.
The arrow hits you!
You die...

#.#.#.# #.# #.#.#.# #.#
#.#.#.###.# # #.).#.....#
..#############.###########
#..c.[.....#..............#
........#..#.##.#########.#
........................#.#
.../....##@..##.#######.#.#
#+#.....##...##.# #.#.#
########...##.#######.#.#
####...#............#
#....#.#..#######.###
######>#..# #.# #........##
#.# ######.#.########.#
.................#


You could see a centaur.

Vanquished Creatures
  A dart slug (D:2)
  6 endoplasms
  6 giant cockroaches
  6 goblins
  3 hobgoblins
  A quokka (D:2)
  5 ball pythons
  A frilled lizard (D:3)
  5 kobolds
  6 rats
40 creatures vanquished.

Notes
Turn   | Place    | Note
-------+----------+-------------------------------------------
     0 | D:1      | bromine the Troll Berserker began the quest for the Orb.
     0 | D:1      | Reached XP level 1. HP: 22/22 MP: 0/0
    55 | D:1      | Found Hacsobif's Weapon Emporium.
   120 | D:1      | Found a faded altar of an unknown god.
   152 | D:1      | Reached XP level 2. HP: 29/29 MP: 1/1
   198 | D:1      | Reached skill level 3 in Maces & Flails
   394 | D:1      | Reached ** piety under Trog
   568 | D:2      | Reached XP level 3. HP: 36/36 MP: 2/2
  1220 | D:3      | Noticed a centaur
  1244 | D:3      | Shot with an arrow by a centaur

Illustrated notes

Levels and vault maps discovered:
D:1:      heliophobic_arrival_battle_scene, layout_rooms, serial_shops,
          nicolae_shop_bloodbath_and_beyond, ebering_ecumenical_altar_webs
D:2:      layout_rooms
D:3:      cheibrodos_fertilizer, layout_basic, lemuel_round_altar,
          serial_rivers, chequers_serial_rivers_large_a,
          chequers_serial_rivers_small_3, chequers_serial_rivers_micro_e,
          chequers_serial_rivers_micro_e

Skill      XL: |  1  2 |
---------------+-------+-----
Maces & Flails | 3 |  3.4
Fighting       | |  2.7
Dodging        | |  2.9

Action                   || total
-------------------------++-------
Melee: Mace              ||   121
Invok: Berserk           ||     1
  Use: Scroll            ||     4
Armor: Animal skin       ||    53
Dodge: Dodged            ||    71
